 Dungeon Crawl Stone Soup version 0.20.0-8-g6b59dc7 (webtiles) character file.

53 Ketharn the Vexing (level 3, -1/24 HPs)
             Began as a Vampire Enchanter on May 30, 2017.
             Slain by an adder (3 damage)
             ... on level 2 of the Dungeon.
             The game lasted 00:08:55 (1795 turns).

Ketharn the Vexing (Vampire Enchanter)              Turns: 1795, Time: 00:08:55

Health: -1/24      AC:  8    Str:  8    XL:     3   Next: 64%
Magic:  6/6        EV:  3    Int: 17    God:
Gold:   75         SH:  0    Dex: 14    Spells: 2/6 levels left

rFire    . . .     SeeInvis +   a - +1 dagger
rCold    . . .     Gourm    .   (no shield)
rNeg     + . .     Faith    .   m - +0 chain mail
rPois    .         Spirit   .   (no helmet)
rElec    .         Reflect  .   (no cloak)
rCorr    .         Harm     .   (no gloves)
MR       .....                  (no boots)
Stlth    ..........             (no amulet)
Regen    0.1/turn               (no ring)
MPRegen  0.1/turn               (no ring)

@: lethally poisoned (-1 -> -4)
A: fangs 3, see invisible, unbreathing
a: Bat Form


You were on level 2 of the Dungeon.
You were not thirsty.

You visited 1 branch of the dungeon, and saw 2 of its levels.

You collected 75 gold pieces.

Inventory:

Hand Weapons
 a - a +1 dagger (weapon)
Missiles
 b - 3 javelins (quivered)
Armour
 m - a +0 chain mail (worn)
Jewellery
 h - an uncursed ring of fire {unknown}
 k - an uncursed ring of wizardry {unknown}
Scrolls
 e - a scroll of amnesia {unknown}
 f - a scroll of teleportation {unknown}
 i - a scroll of random uselessness {unknown}
 l - 2 scrolls of remove curse {unknown}
 n - a scroll of enchant weapon {unknown}
 q - a scroll of identify {unknown}
Potions
 d - 10 potions of blood
 g - 2 potions of heal wounds {unknown}
 j - a potion of curing {unknown}
 o - 3 potions of haste {unknown}
 p - a potion of resistance {unknown}
Books
 c - a book of Maledictions

   Spells                             Type                      Level
   a - Corona                         Hexes                        1
   b - Ensorcelled Hibernation        Hexes/Ice                    2
   c - Confuse                        Hexes                        3
   d - Tukima's Dance                 Hexes                        3
   e - Dazzling Spray                 Conjuration/Hexes            3


   Skills:
 + Level 0.1 Fighting
 * Level 1.4 Short Blades
 * Level 0.2 Throwing
 + Level 0.8 Armour
 + Level 2.9 Dodging
 - Level 4.8 Stealth
 + Level 2.2 Spellcasting
 + Level 4.8 Hexes


You had 2 spell levels left.
You knew the following spells:

 Your Spells              Type           Power        Failure   Level  Hunger
a - Corona                Hex            ###....      99%         1    #......
b - Tukima's Dance        Hex            ###.....     100%        3    ###....


Dungeon Overview and Level Annotations

Branches:
Dungeon (2/15)

Altars:


Innate Abilities, Weirdness & Mutations

You have razor-sharp teeth.
You have supernaturally acute eyesight. (SInv)
You can survive without breathing.


Message History

* * * LOW HITPOINT WARNING * * *
You feel sick. The adder completely misses you.
Your chain mail prevents you from hitting the adder.
The adder is almost dead.
The adder bites you but does no damage.
You completely miss the adder. Your bite misses the adder.
The adder is almost dead.
The adder bites you but does no damage. x2
You closely miss the adder.
The adder is almost dead.
* * * LOW HITPOINT WARNING * * *
You feel sick. The adder bites you.
* * * LOW HITPOINT WARNING * * *
You barely miss the adder. You bite the adder, but do no damage.
The adder is almost dead.
The adder bites you but does no damage.
You closely miss the adder.
The adder is almost dead.
The adder bites you.
You die...

## #.....##...
.###...........?(.
..##.....##......(
.........###.#.#.#
..###.#.###....%.#
.####........ #..#
......#.###.# ..#
#####.#####.####S#
#........†..@#
#.#####......# #.#
######.# #.# #.#
#.# #.# #.# #.#
#.# #.# #.# #.#


You could see an adder.

Vanquished Creatures
  An adder (D:2)
  A worm (D:2)
  A dart slug (D:1)
  6 bats
  4 giant cockroaches
  2 goblins (D:1)
  6 hobgoblins
  4 jackals (D:1)
  2 frilled lizards (D:1)
  5 kobolds
  4 rats (D:1)
36 creatures vanquished.

Notes
Turn   | Place    | Note
-------+----------+-------------------------------------------
     0 | D:1      | Ketharn the Vampire Enchanter began the quest for the Orb.
     0 | D:1      | Reached XP level 1. HP: 13/13 MP: 3/3
   235 | D:1      | Reached XP level 2. HP: 19/19 MP: 5/5
   712 | D:1      | Reached XP level 3. HP: 8/24 MP: 6/6
  1030 | D:1      | Learned a level 3 spell: Tukima's Dance
  1795 | D:2      | Slain by an adder

Action                   || total
-------------------------++-------
Melee: Dagger            ||   210
       Bite              ||    18
Throw: Javelin           ||     8
 Cast: Corona            ||     6
  Use: Potion            ||     5
 Stab: Sleeping          ||     5
Armor: Robe              ||    10
       Ring mail         ||    38
       Chain mail        ||    66
       Scale mail        ||    19
Dodge: Dodged            ||   101
